Map: Catalyst LE

Players

SamuraiFunn

  • Race: Protoss Protoss
  • League: Platinum
  • Spawn Location: 5:00

A.I. 1 (Very Hard) - Winner!

  • Race: Zerg Zerg
  • Spawn Location: 11:00

VOD

Have the link to the VOD?

Description

Time

  • Played on: Dec. 1, 2017, 8:40 p.m.
  • Length: 4:20
Show
View Real Time Build Order
Export as new Build Order

SamuraiFunn Protoss 

Build Orders:  

Get SALT Encoding   

  12  0:01  Probe  
  13  0:18  Probe  
  14  0:23  Pylon  
  14  0:30  Probe  
  15  0:38  Assimilator  
  15  0:41  Pylon  
  15  0:51  Gateway  
  15  0:52  Probe (Chrono Boost)  
  17  1:04  Probe (Chrono Boost)  
  17  1:08  Probe (Chrono Boost)  
  18  1:16  Assimilator  
  18  1:18  Probe  
  19  1:30  Probe  
  20  1:45  Cybernetics Core, Zealot  
  22  1:50  Probe  
  23  2:01  Nexus  
  23  2:02  Probe  
  24  2:12  Zealot  
  24  2:15  Probe  
  27  2:27  Probe  
  27  2:29  Gateway  
  28  2:39  Probe, Zealot  
  31  3:00  Pylon  
  31  3:04  Robotics Facility  
  31  3:13  Probe  
  32  3:20  Stalker  
  32  3:22  Stalker  
  36  3:27  Probe  
  36  3:29  Pylon  
  36  3:31  Probe  
  38  3:39  Probe  
  39  3:43  Probe  
  39  3:47  Gateway  
  42  3:57  Probe x2  
Show
View Real Time Build Order
Export as new Build Order

A.I. 1 (Very Hard) Zerg - Winner!

Build Orders: Pool First 

Get SALT Encoding   

  12  0:00  Drone  
  13  0:12  Overlord  
  13  0:16  Drone  
  14  0:31  Drone  
  15  0:40  Spawning Pool  
  15  0:41  Drone  
  15  0:46  Drone  
  16  0:50  Drone  
  16  0:54  Extractor  
  16  0:56  Drone  
  17  1:06  Drone  
  18  1:17  Drone  
  19  1:26  Queen  
  19  1:30  Roach Warren  
  19  1:32  Drone  
  21  1:38  Zergling x2  
  22  1:50  Overlord  
  22  2:00  Overlord  
  22  2:11  Roach  
  24  2:21  Roach  
  26  2:33  Roach x3  
  32  2:38  Hatchery  
  31  2:44  Roach  
  33  2:54  Drone  
  34  3:03  Overlord  
  34  3:04  Roach x2  
  38  3:22  Roach x2  
  42  3:27  Roach  
  44  3:36  Overlord  
  44  3:37  Roach  
  46  3:50  Roach x3  
  46  3:54  Zergling x2  
Tags
 
League
Platinum
Matchup
PvZ
Opening
Pool First
Replay Pack
First 100 games
Spawn Locations
Cross Positions
Add a new tag
Caveats
  • Supply blocks, unpowered buildings, or Contaminate may cause inaccurate times.
  • Supply counts are checked every 10 seconds.